 Dungeon Crawl Stone Soup version 0.25-a0-59-gf342c8b036 (webtiles) character file.

Game seed: 13247899611411895647, levelgen mode: deterministic

244422 CloudEater the Earth Mage (level 19, -16/120 HPs)
             Began as a Gargoyle Earth Elementalist on Oct 27, 2019.
             Was the Champion of Vehumet.
             Killed from afar by a deep elf mage (35 damage)
             ... with a bolt of fire
             ... on level 1 of the Elven Halls on Oct 28, 2019.
             The game lasted 02:45:16 (37393 turns).

CloudEater the Earth Mage (GrEE)                   Turns: 37393, Time: 02:45:16

Health: -16/120    AC: 29    Str: 14    XL:     19   Next: 44%
Magic:  16/35      EV: 17    Int: 24    God:    Vehumet [******]
Gold:   1723       SH:  0    Dex: 10    Spells: 4/43 levels left

rFire    . . .     SeeInvis +   e - +6 eveningstar (flame)
rCold    . . .     Gourm    +   (no shield)
rNeg     + . .     Faith    .   f - +2 robe {Archmagi}
rPois    ∞         Spirit   .   W - +2 hat {SInv}
rElec    +         Reflect  .   (no cloak)
rCorr    .         Harm     .   a - +2 pair of gloves
MR       +....                  q - +2 pair of boots
Stlth    ++++......             X - amulet of the gourmand
HPRegen  0.30/turn              Q - ring of wizardry
MPRegen  0.24/turn              J - ring of Shadows {Umbra +Inv Stlth+}

@: flying, very slightly contaminated, wreathed by umbra
A: big wings, hooves 1, yellow scales 1, clever 1, negative energy resistance 1,
electricity resistance, unbreathing, petrification resistance, rot immunity, AC
+14
}: 2/15 runes: decaying, gossamer
a: Stop Flying, Renounce Religion, Evoke Invisibility


You were on level 1 of the Elven Halls.
You worshipped Vehumet.
Vehumet was exalted by your worship.
You were very full.

You visited 7 branches of the dungeon, and saw 33 of its levels.
You also visited: Gauntlet.

You collected 2846 gold pieces.
You spent 1123 gold pieces at shops.

Inventory:

Hand Weapons
 e - a +6 eveningstar of flaming (weapon)
Missiles
 b - 329 stones (quivered)
 l - 14 silver javelins
 E - 3 throwing nets
 P - 4 boomerangs of dispersal
Armour
 a - a +2 pair of gloves (worn)
 f - a +2 robe of the Archmagi (worn)
 q - a +2 pair of boots (worn)
 F - a +2 robe of resistance
 W - a +2 hat of see invisible (worn)
Magical Staves
 t - an uncursed staff of energy
Jewellery
 j - an uncursed ring of protection from cold
 u - the ring of Soho Joa {Fire rElec Str+2}
   (You found it on level 5 of the Lair of Beasts)

   [ring of fire]

   It enhances your fire magic.
   It affects your strength (+2).
   It protects you from fire.
   It makes you vulnerable to cold.
   It insulates you from electricity.
 x - an uncursed ring of see invisible
 D - an uncursed ring of resist corrosion
 G - an uncursed amulet of magic regeneration
 J - the ring of Shadows (right hand) {Umbra +Inv Stlth+}
   (You found it in a Gauntlet)

   [ring of stealth]

   It lets you turn invisible.
   It makes you more stealthy.
 Q - a ring of wizardry (left hand)
 X - an amulet of the gourmand (around neck)
Wands
 g - a wand of acid (2)
 n - a wand of paralysis (23)
 w - a wand of polymorph (18)
 A - a wand of iceblast (2)
 B - a wand of clouds (2)
 H - a wand of scattershot (4)
 K - a wand of digging (18)
 O - a wand of disintegration (8)
Scrolls
 c - 2 scrolls of fog
 i - 2 scrolls of immolation
 m - 4 scrolls of amnesia
 r - 5 scrolls of blinking
 s - 2 scrolls of magic mapping
 v - 11 scrolls of teleportation
 y - 9 scrolls of remove curse
 C - 4 scrolls of fear
 U - 7 scrolls of identify
 Y - 3 scrolls of summoning
Potions
 h - 6 potions of lignification
 k - 4 potions of heal wounds
 o - 16 potions of curing
 p - 2 potions of brilliance
 I - 4 potions of berserk rage
 N - 2 potions of ambrosia
 S - 4 potions of magic
 T - 2 potions of might
 V - a potion of haste
Miscellaneous
 L - a fan of gales
 M - a phantom mirror
 R - a sack of spiders
Comestibles
 d - 40 rations


   Skills:
 + Level 13.9 Fighting
 + Level 12.8 Maces & Flails
 - Level 6.0 Armour
 + Level 11.2 Dodging
 - Level 2.1 Stealth
 + Level 12.7 Spellcasting
 + Level 14.5 Conjurations
 - Level 0.7 Transmutations
 * Level 10.4 Fire Magic
 + Level 16.0 Earth Magic
 - Level 6.0 Evocations


You had 4 spell levels left.
You knew the following spells:

 Your Spells              Type           Power        Failure   Level  Hunger
a - Sandblast             Erth           ######       0%          1    None
b - Stone Arrow           Conj/Erth      ######       0%          3    None
c - Lee's Rapid Deconstr  Erth           #######...   1%          5    ###....
d - Iron Shot             Conj/Erth      #######...   1%          6    #####..
e - Bolt of Magma         Conj/Fire/Erth #######...   1%          5    ###....
f - Bolt of Fire          Conj/Fire      #######...   1%          6    #####..
g - Irradiate             Conj/Tmut      ######....   1%          5    ###....
h - Ignition              Fire           #######...   34%         8    #######

Your spell library contained the following spells:

 Spells                   Type           Power        Failure   Level  Hunger
 Shatter                  Erth           #######...   45%         9    #######
 Glaciate                 Conj/Ice       ######....   100%        9    #######
 Magic Dart               Conj           ####         0%          1    None
 Animate Skeleton         Necr           N/A          1%          1    None
 Apportation              Tloc           ###...       1%          1    None
 Confusing Touch          Hex            ###...       1%          1    None
 Pain                     Necr           ###.         1%          1    None
 Shock                    Conj/Air       ####         1%          1    None
 Summon Small Mammal      Summ           ###.         1%          1    None
 Passwall                 Tmut/Erth      ######..     1%          2    None
 Conjure Flame            Conj/Fire      #######.     1%          3    None
 Mephitic Cloud           Conj/Pois/Air  ######..     1%          3    None
 Static Discharge         Conj/Air       ######..     1%          3    None
 Leda's Liquefaction      Hex/Erth       ######....   1%          4    None
 Petrify                  Tmut/Erth      ######..     1%          4    None
 Blink                    Tloc           N/A          2%          2    None
 Call Imp                 Summ           ###.....     2%          2    None
 Slow                     Hex            ###.....     2%          2    None
 Swiftness                Chrm/Air       ###.....     2%          2    None
 Regeneration             Chrm/Necr      ###.......   4%          3    None
 Vampiric Draining        Necr           ###.......   4%          3    None
 Airstrike                Air            ###.......   4%          4    None
 Animate Dead             Necr           N/A          16%         4    None
 Cause Fear               Hex            ###.......   16%         4    None
 Summon Lightning Spire   Summ/Air       ###.....     16%         4    None
 Iskenderun's Battlesphe  Conj/Chrm      ######..     1%          5    ###....
 Lightning Bolt           Conj/Air       ######....   1%          5    ###....
 Venom Bolt               Conj/Pois      ######....   1%          5    ###....
 Orb of Destruction       Conj           #######...   1%          7    ######.
 Conjure Ball Lightning   Conj/Air       ######....   3%          6    #####..
 Yara's Violent Unravell  Hex/Tmut       ####......   11%         5    ###....
 Spellforged Servitor     Conj/Summ      ######....   17%         7    ######.
 Silence                  Hex/Air        ###.......   38%         5    ###....
 Hydra Form               Tmut           ####......   86%         6    #####..
 Deflect Missiles         Chrm/Air       ###.......   91%         6    #####..
 Dragon Form              Tmut           ####......   100%        7    ######.
 Haunt                    Necr/Summ      ###.......   100%        7    ######.
 Borgnjor's Revivificati  Necr           ###.......   100%        8    #######
 Death's Door             Chrm/Necr      ###.......   100%        8    #######
 Discord                  Hex            ###.......   100%        8    #######
 Infestation              Necr           ###.......   100%        8    #######
 Necromutation            Tmut/Necr      ####......   100%        8    #######
 Tornado                  Air            ###.......   100%        9    #######
 Statue Form              Tmut/Erth      Unusable     N/A         6    N/A

Dungeon Overview and Level Annotations

Branches:
Dungeon (15/15)            Temple (1/1) D:7            Lair (6/6) D:11
  Swamp (4/4) Lair:4       Spider (4/4) Lair:3        Slime (0/5) Lair:5
    Orc (2/2) D:10            Elf (1/3) Orc:2        Vaults (0/5) D:14
 Depths (0/5) D:15        Gauntlet (visited)

Altars:
Ashenzari
Cheibriados
Dithmenos
Elyvilon
Fedhas
Gozag
Kikubaaqudgha
Nemelex Xobeh
Okawaru
Qazlal
Ru
Sif Muna
Trog
Uskayaw
Vehumet
Wu Jian
Xom
Zin
The Shining One

Shops:
D:5 [   D:9 =*=!   D:12 !   Orc:2 [*:==

Annotations:
D:4 3 runed translucent doors, Toastz's ghost, amateur GrFi
D:8 2 transporters
D:12 3 runed translucent doors, Muar's ghost, journeyman DrCj


Innate Abilities, Weirdness & Mutations

You are resistant to torment.
Your stone body is resilient. (AC +14)
You are immune to poison.
Your large and strong wings let you fly indefinitely.
You resist negative energy. (rN+)
You are resistant to electric shocks. (rElec)
You can survive without breathing.
You are immune to petrification.
You are immune to rotting.
You have large cloven feet.
You are partially covered in yellow scales. (AC +2)
Your mind is acute. (Int +2)


Message History

The sphere of damnation explodes!
The damnation engulfs you!!
A deep elf archer comes into view. It is wielding a +0 short sword.
Unknown command.
Unknown command.
Unknown command.
Unknown command.
Casting: Irradiate (safe; 1% risk of failure)
Confirm with . or Enter, or press ? or * to list all spells.
Aiming: Iron Shot (safe; 1% risk of failure)
Press: ? - help, Shift-Dir - straight line, f - deep elf sorcerer, p - deep elf mage
Aim: a deep elf sorcerer, wielding a +1 dagger of speed You feel a surge of power!
The iron shot misses the deep elf sorcerer.
The deep elf sorcerer gestures at you while chanting.
The sphere of damnation explodes!
The damnation engulfs you!!
* * * LOW HITPOINT WARNING * * *
A deep elf mage comes into view. It is wielding a +0 short sword.
The deep elf mage casts a spell at you. The bolt of fire hits you!!
You die...

e... e.#.#####
..e....)#
......8.######
........'....##
./......'.....#
....§.§)§.e...#
...§§.)@'.....#
...§§.§.'....##
>...§§8.######
........#
^.#.##### ....
... ##


You could see a deep elf sorcerer, a deep elf archer and 2 deep elf magi.

Vanquished Creatures
  Nikola (Spider:4)
  Asterion (Spider:4)
  Jorgrun (Orc:2)
  3 thorn hunters
  Kirke (Swamp:3)
  Roxanne (Spider:2)
  A ghost moth (shapeshifter) (D:14)
  6 ghost moths
  A frost giant (D:14)
  3 emperor scorpions (Spider:4)
  An ironheart preserver (D:14)
  A stone giant (Orc:2)
  The ghost of fly the Slinger, a journeyman HaHu of Wu Jian (Lair:6)
  A spark wasp (Spider:2)
  A minotaur (Gauntlet)
  3 ettins
  The ghost of Gargoyl the Nimble, a journeyman DrAK of Lugonu (Lair:5)
  A death ooze (Gauntlet)
  Snorg (Orc:2)
  Josephine (Orc:2)
  A fire dragon (D:15)
  Fannar (D:10)
  22 hydras
  Harold (D:8)
  2 ice dragons
  A catoblepas (D:13)
  17 two-headed ogres
  5 shambling mangroves
  5 centaur warriors
  A ghost crab (Swamp:1)
  2 ogre magi (Orc:2)
  A dancing weapon (Elf:1)
  23 alligators
  2 deep troll earth magi (D:14)
  4 death yaks (Lair:2)
  Urug (D:11)
  6 spriggans
  2 deep trolls (Orc:2)
  An unseen horror (D:12)
  9 swamp dragons
  2 orc knights
  3 phantasmal warriors (D:14)
  4 spriggan druids
  A harpy (shapeshifter) (D:14)
  A lindwurm (Lair:5)
  4 deep elf magi (Elf:1)
  21 orb spiders
  19 ugly things
  20 wolf spiders
  2 manticores
  4 cyclopes
  2 oklob plants (Lair:5)
  3 moths of wrath
  7 elephants
  An ice statue (Lair:2)
  5 black mambas
  A gargoyle (D:10)
  Psyche (D:9)
  37 spiny frogs
  An eye of devastation (Gauntlet)
  2 torpor snails
  8 rime drakes
  17 demonic crawlers
  2 efreet
  7 komodo dragons
  A yaktaur (D:15)
  36 jumping spiders
  A meliai (shapeshifter) (D:13)
  13 trolls
  A polar bear (Lair:6)
  3 meliai (Spider:4)
  23 tyrant leeches
  25 hornets
  30 blink frogs
  10 bog bodies
  A meliai zombie (D:12)
  28 slime creatures
  13 hippogriffs
  Sigmund (D:2)
  3 wraiths (Orc:2)
  64 redbacks
  27 tarantellas
  A vampire (D:14)
  3 water elementals (D:14)
  5 shadows
  4 basilisks
  A golden eye (Gauntlet)
  Grum (D:9)
  42 yaks
  3 hungry ghosts
  23 vampire mosquitoes
  A steam dragon (D:8)
  18 insubstantial wisps
  3 wargs
  15 swamp worms
  Duvessa (D:4)
  13 water moccasins
  A floating eye (Gauntlet)
  11 porcupines
  2 acid dragons
  12 swamp drakes
  2 black bears
  4 ice beasts
  A hornet zombie (D:14)
  24 orc warriors
  7 phantoms
  An eye of draining (D:14)
  2 black mamba simulacra (Lair:5)
  29 ogres
  4 sky beasts
  4 wolves (D:9)
  8 centaurs
  A necrophage (D:7)
  8 crocodiles
  A big kobold (D:8)
  31 bullfrogs
  A gnoll sergeant (D:5)
  Dowan (D:4)
  A wyvern skeleton (D:9)
  5 scorpions
  A blink frog simulacrum (Lair:5)
  A dream sheep simulacrum (Lair:5)
  13 wights
  6 electric eels
  5 howler monkeys
  8 crimson imps
  4 centaur zombies
  7 hounds
  3 bullfrog zombies
  3 jellies
  12 orc priests
  A komodo dragon simulacrum (Lair:5)
  3 centaur skeletons
  17 orc wizards
  3 iguanas
  A bullfrog skeleton (D:10)
  8 worker ants
  A hound skeleton (D:7)
  3 worker ant zombies
  Robin (D:2)
  17 adders
  5 shadow imps
  4 oozes
  2 adder skeletons
  3 worms
  2 dart slugs
  6 leopard geckos
  78 orcs
  2 giant cockroaches
  16 goblins
  7 hobgoblins
  6 jackals
  7 kobolds
  7 quokkas
  3 ball pythons
  4 bats
  4 frilled lizards
  A giant cockroach zombie (D:6)
  2 leopard gecko skeletons
  9 rats
  2 briar patches (Swamp:2)
  5 plants
1181 creatures vanquished.

Vanquished Creatures (collateral kills)
  The ghost of confidenceinterval the Spear-Bearer, a journeyman DsMo of Trog (Lair:6)
  A crocodile (D:8)
  A leopard gecko zombie (D:8)
3 creatures vanquished.

Vanquished Creatures (others)
  Arachne (Spider:4)
  2 wolf spiders
  A redback (Spider:4)
  A tarantella (Spider:4)
  9 fungi
  50 plants
  4 withered plants (Lair:6)
68 creatures vanquished.

Grand Total: 1252 creatures vanquished

Notes
Turn   | Place    | Note
-------+----------+-------------------------------------------
     0 | D:1      | CloudEater the Gargoyle Earth Elementalist began the quest
                  | for the Orb.
     0 | D:1      | Reached XP level 1. HP: 10/10 MP: 3/3
   359 | D:1      | Reached skill level 4 in Earth Magic
   359 | D:1      | Reached XP level 2. HP: 15/15 MP: 1/5
  1127 | D:2      | Found an ancient bone altar of Kikubaaqudgha.
  1171 | D:2      | Reached XP level 3. HP: 11/19 MP: 5/7
  1176 | D:2      | Learned a level 3 spell: Stone Arrow
  1304 | D:2      | Noticed Sigmund
  1315 | D:2      | Killed Sigmund
  1315 | D:2      | Reached skill level 5 in Earth Magic
  1315 | D:2      | Reached XP level 4. HP: 12/24 MP: 0/9
  1315 | D:2      | Reached XP level 5. HP: 14/28 MP: 0/10
  1481 | D:2      | Learned a level 5 spell: Lee's Rapid Deconstruction
  1513 | D:2      | Noticed Robin
  1519 | D:2      | Killed Robin
  1719 | D:2      | Reached XP level 6. HP: 32/32 MP: 9/11
  2024 | D:3      | Found a stormy altar of Qazlal.
  2027 | D:3      | Noticed an air elemental
  2028 | D:3      | Noticed a water elemental
  2028 | D:3      | Noticed a fire elemental
  2197 | D:3      | Noticed a moth of wrath
  2200 | D:3      | Found a bloodstained altar of Trog.
  2429 | D:3      | Killed a moth of wrath
  2429 | D:3      | Reached skill level 6 in Earth Magic
  2429 | D:3      | Reached XP level 7. HP: 36/36 MP: 1/13
  3058 | D:4      | Noticed a +0 hand axe
  3060 | D:4      | Noticed a +0 hand axe
  3130 | D:4      | Found a hide-covered altar of Uskayaw.
  3137 | D:4      | Reached skill level 1 in Fighting
  3203 | D:4      | Found an iron altar of Okawaru.
  3220 | D:4      | Noticed Dowan
  3221 | D:4      | Noticed Duvessa
  3298 | D:4      | Killed Duvessa
  3298 | D:4      | Reached skill level 1 in Maces & Flails
  3298 | D:4      | Reached skill level 1 in Armour
  3298 | D:4      | Reached XP level 8. HP: 29/43 MP: 0/15
  3308 | D:4      | Killed Dowan
  3633 | D:4      | Reached skill level 7 in Earth Magic
  3857 | D:4      | Found a runed translucent gate.
  3857 | D:4      | Found a runed translucent gate.
  3857 | D:4      | Found a runed translucent gate.
  3858 | D:4      | Noticed Toastz's ghost (amateur GrFi)
  3987 | D:5      | Entered Level 5 of the Dungeon
  4011 | D:5      | Reached skill level 5 in Spellcasting
  4058 | D:5      | Found Ujish's Antique Armour Shop.
  4065 | D:5      | Reached skill level 5 in Conjurations
  4207 | D:5      | Reached skill level 1 in Evocations
  4293 | D:5      | Noticed a hippogriff
  4300 | D:5      | Killed a hippogriff
  4300 | D:5      | Reached XP level 9. HP: 30/50 MP: 1/17
  4581 | D:5      | Found a shimmering altar of Xom.
  4592 | D:5      | Found a shimmering altar of Xom.
  5793 | D:7      | Reached skill level 8 in Earth Magic
  5924 | D:7      | Found a staircase to the Ecumenical Temple.
  5934 | Temple   | Entered the Ecumenical Temple
  5942 | Temple   | Became a worshipper of Vehumet
  6420 | D:7      | Reached XP level 10. HP: 56/56 MP: 15/18
  6611 | D:7      | Reached * piety under Vehumet
  6611 | D:7      | Offered knowledge of Magic Dart by Vehumet.
  6631 | D:7      | Found an opulent altar of Gozag.
  6763 | D:8      | Noticed Harold
  6782 | D:8      | Killed Harold
  7041 | D:8      | Found a transporter.
  7060 | D:8      | Found a transporter.
  7132 | D:8      | Reached skill level 5 in Armour
  7425 | D:8      | Reached skill level 5 in Fighting
  7789 | D:9      | Found Socwi's Jewellery Boutique.
  7833 | D:9      | Reached skill level 9 in Earth Magic
  7857 | D:9      | Found Yskywkau's Jewellery Shoppe.
  7899 | D:9      | Offered knowledge of Searing Ray by Vehumet.
  7912 | D:9      | Reached ** piety under Vehumet
  7950 | D:9      | Gained mutation: You possess an exceptional clarity of
                  | mind. [potion of mutation]
  7950 | D:9      | Gained mutation: You are agile. (Dex +2) [potion of
                  | mutation]
  7993 | D:9      | Noticed Grum
  8003 | D:9      | Killed Grum
  8066 | D:9      | Noticed Psyche
  8069 | D:9      | Killed Psyche
  8075 | D:9      | Reached XP level 11. HP: 58/64 MP: 15/20
  8112 | D:9      | Found a snail-covered altar of Cheibriados.
  8119 | D:9      | Reached skill level 5 in Maces & Flails
  8185 | D:9      | Found Efemyick's Distillery.
  8189 | D:9      | Bought a potion of curing for 39 gold pieces
  8189 | D:9      | Bought a potion of curing for 39 gold pieces
  8189 | D:9      | Bought a potion of agility for 52 gold pieces
  8189 | D:9      | Bought a potion of heal wounds for 65 gold pieces
  8189 | D:9      | Bought a potion of curing for 39 gold pieces
  8189 | D:9      | Bought a potion of curing for 39 gold pieces
  8189 | D:9      | Bought a potion of curing for 39 gold pieces
  8189 | D:9      | Bought a potion of haste for 130 gold pieces
  8306 | D:9      | Found Imobuaji's Assorted Antiques.
  8415 | D:9      | Found a sacrificial altar of Ru.
  8542 | D:9      | Noticed a two-headed ogre
  8547 | D:9      | Killed a two-headed ogre
  8651 | D:10     | Entered Level 10 of the Dungeon
  8726 | D:10     | Found a staircase to the Orcish Mines.
  8733 | D:10     | Noticed Fannar
  8765 | D:10     | Killed Fannar
  8853 | D:10     | Offered knowledge of Mephitic Cloud by Vehumet.
  8936 | D:10     | Learned a level 3 spell: Mephitic Cloud
  9012 | D:10     | Reached skill level 5 in Dodging
  9017 | D:10     | Reached *** piety under Vehumet
  9305 | D:10     | Offered knowledge of Olgreb's Toxic Radiance by Vehumet.
  9539 | D:11     | Noticed a two-headed ogre
  9543 | D:11     | Killed a two-headed ogre
  9543 | D:11     | Reached skill level 10 in Earth Magic
  9543 | D:11     | Reached skill level 5 in Evocations
  9623 | D:11     | Reached XP level 12. HP: 56/71 MP: 23/23
  9674 | D:11     | Found a glowing golden altar of the Shining One.
  9700 | D:11     | Found a staircase to the Lair.
  9705 | D:11     | Noticed a two-headed ogre
  9724 | D:11     | Killed a two-headed ogre
  9770 | D:11     | Noticed Urug
  9778 | D:11     | Killed Urug
 10298 | D:12     | Noticed a centaur warrior
 10304 | D:12     | Killed a centaur warrior
 10331 | D:12     | Noticed a two-headed ogre
 10350 | D:12     | Killed a two-headed ogre
 10429 | D:12     | Reached **** piety under Vehumet
 10503 | D:12     | Found a large runed translucent door.
 10504 | D:12     | Found a large runed translucent door.
 10620 | D:12     | Offered knowledge of Fulminant Prism by Vehumet.
 10709 | D:12     | Noticed Muar's ghost (journeyman DrCj)
 10762 | D:12     | Found a glowing silver altar of Zin.
 10763 | D:12     | Found a runed translucent door.
 10763 | D:12     | Noticed an angel
 10776 | D:12     | Found Akaojida's Distillery.
 10779 | D:12     | Noticed a two-headed ogre
 10783 | D:12     | Killed a two-headed ogre
 10910 | D:13     | Noticed a two-headed ogre
 10918 | D:13     | Killed a two-headed ogre
 11143 | D:13     | Noticed a catoblepas
 11161 | D:13     | Killed a catoblepas
 11161 | D:13     | Reached skill level 11 in Earth Magic
 11161 | D:13     | Reached XP level 13. HP: 35/78 MP: 17/25
 11570 | D:13     | Reached ***** piety under Vehumet
 11579 | D:13     | Offered knowledge of Conjure Ball Lightning by Vehumet.
 12677 | D:14     | Found a runed translucent door.
 12677 | D:14     | Noticed a frost giant
 12677 | D:14     | Noticed an ettin
 12689 | D:14     | Noticed a ghost moth
 12689 | D:14     | a satyr changed into a ghost moth
 12690 | D:14     | Killed a frost giant
 12692 | D:14     | Killed a ghost moth
 12692 | D:14     | Reached skill level 10 in Conjurations
 12696 | D:14     | Killed an ettin
 13212 | D:14     | Got an iridescent flail
 13216 | D:14     | Reached skill level 12 in Earth Magic
 13292 | D:14     | Gained mutation: Your large and strong wings let you fly
                  | indefinitely. [Gargoyle growth]
 13292 | D:14     | Reached XP level 14. HP: 68/86 MP: 13/27
 13309 | D:14     | Identified the +2 flail of Mofe {speed, rF+} (You found it
                  | on level 14 of the Dungeon)
 13320 | D:14     | Found a gate to the Vaults.
 13320 | D:14     | Noticed an ironheart preserver
 13344 | D:14     | Killed an ironheart preserver
 14144 | Lair:1   | Entered Level 1 of the Lair of Beasts
 14353 | Lair:1   | Offered knowledge of Force Lance by Vehumet.
 15098 | Lair:2   | Reached skill level 10 in Fighting
 16257 | Lair:3   | Reached skill level 10 in Spellcasting
 16443 | Lair:3   | Found a hole to the Spider Nest.
 17224 | Lair:4   | Found a staircase to the Swamp.
 17375 | Lair:4   | Offered knowledge of Bolt of Cold by Vehumet.
 17452 | Lair:4   | Reached skill level 13 in Earth Magic
 17452 | Lair:4   | Reached XP level 15. HP: 49/93 MP: 29/29
 18056 | Lair:5   | Found a runed translucent gate.
 18060 | Lair:5   | Found a runed translucent gate.
 18061 | Lair:5   | Found a runed translucent gate.
 18352 | Lair:5   | Noticed Gargoyl's ghost (journeyman DrAK)
 18788 | Lair:5   | Killed Gargoyl's ghost
 18804 | Lair:5   | Reached skill level 10 in Maces & Flails
 18850 | Lair:5   | Got the ring of Soho Joa {Fire}
 18852 | Lair:5   | Identified the ring of Soho Joa {Fire rElec Str+2} (You
                  | found it on level 5 of the Lair of Beasts)
 18862 | Lair:5   | Learned a level 6 spell: Bolt of Cold
 19054 | Lair:5   | Found a staircase to the Slime Pits.
 19148 | Lair:6   | Entered Level 6 of the Lair of Beasts
 20034 | Lair:6   | Offered knowledge of Irradiate by Vehumet.
 20515 | Lair:6   | Found a runed translucent gate.
 20515 | Lair:6   | Found a runed translucent gate.
 20515 | Lair:6   | Found a runed translucent gate.
 20516 | Lair:6   | Noticed fly's ghost (journeyman HaHu)
 20516 | Lair:6   | Noticed confidenceinterval's ghost (journeyman DsMo)
 20533 | Lair:6   | Learned a level 5 spell: Irradiate
 21012 | Orc:1    | Entered Level 1 of the Orcish Mines
 21673 | Orc:2    | Entered Level 2 of the Orcish Mines
 21786 | Orc:2    | Noticed Josephine
 21793 | Orc:2    | Killed Josephine
 21975 | Orc:2    | Reached XP level 16. HP: 99/100 MP: 23/30
 22168 | Orc:2    | Noticed Jorgrun
 22186 | Orc:2    | Killed Jorgrun
 22186 | Orc:2    | Reached skill level 14 in Earth Magic
 22413 | Orc:2    | Noticed Snorg
 22419 | Orc:2    | Killed Snorg
 22451 | Orc:2    | Offered knowledge of Ozocubu's Refrigeration by Vehumet.
 22571 | Orc:2    | Found Tulu Gin's General Store.
 22581 | Orc:2    | Found Nydose's Antique Armour Boutique.
 22587 | Orc:2    | Found Wuseddyxt's Jewellery Emporium.
 22592 | Orc:2    | Bought a potion of invisibility for 96 gold pieces
 22596 | Orc:2    | Found Bawuabbi's Book Shoppe.
 22609 | Orc:2    | Found Zunluf's Jewellery Emporium.
 22641 | Orc:2    | Bought a book of Power for 585 gold pieces
 22647 | Orc:2    | Learned a level 5 spell: Bolt of Magma
 22654 | Orc:2    | Learned a level 6 spell: Iron Shot
 22877 | Orc:2    | Reached ****** piety under Vehumet
 22900 | Orc:2    | Found a staircase to the Elven Halls.
 23344 | D:15     | Entered Level 15 of the Dungeon
 23378 | D:15     | Found a gate leading to a gauntlet.
 23388 | Gauntlet | Entered a Gauntlet
 23388 | Gauntlet | Found a transporter.
 23388 | Gauntlet | Found a transporter.
 23401 | Gauntlet | Found a transporter.
 23406 | Gauntlet | Found a transporter.
 23413 | Gauntlet | Found a transporter.
 23414 | Gauntlet | Found the ring of Shadows {Umbra +Inv Stlth+}
 23417 | Gauntlet | Found a transporter.
 23427 | Gauntlet | Found a transporter.
 23445 | Gauntlet | Found a transporter.
 23463 | Gauntlet | Found a transporter.
 23468 | Gauntlet | Found a runed translucent door.
 23468 | Gauntlet | Found a transporter.
 23478 | Gauntlet | Found a transporter.
 23479 | Gauntlet | Found a transporter.
 23528 | Gauntlet | Reached skill level 1 in Fire Magic
 23545 | Gauntlet | Found the +0 Maxwell's etheric cage {RegenMP+ *Contam rElec
                  | MP+4}
 23587 | Gauntlet | Got a vibrating brass ring
 23590 | Gauntlet | Identified the ring of Yvionacs {Fire rN+} (You found it in
                  | a Gauntlet)
 23619 | Gauntlet | Got a pair of crude gloves
 23629 | Gauntlet | Identified the cursed +0 pair of gloves of Tomorrow {Dex+4}
                  | (You found it in a Gauntlet)
 23638 | Gauntlet | Identified the +5 long sword "Dopsoaru" {flame, Str+2}
 23969 | D:15     | Found a shadowy altar of Dithmenos.
 24363 | D:15     | Found a staircase to the Depths.
 24918 | D:15     | Upgraded the game from 0.25-a0-58-g9dd530fc12 to
                  | 0.25-a0-59-gf342c8b036
 25106 | Spider:1 | Entered Level 1 of the Spider Nest
 25149 | Lair:3   | Lost mutation: You are agile. (Dex +2) [mutagenic glow]
 25759 | Spider:1 | You are sucked into a shaft and drop 1 floor!
 25922 | Spider:2 | Reached XP level 17. HP: 95/106 MP: 1/32
 25947 | Spider:2 | Offered knowledge of Freezing Cloud by Vehumet.
 25971 | Spider:2 | Reached skill level 10 in Dodging
 26377 | Spider:1 | Reached skill level 5 in Fire Magic
 27868 | Spider:2 | Noticed Roxanne
 27873 | Spider:2 | Killed Roxanne
 28295 | Spider:3 | Offered knowledge of Bolt of Fire by Vehumet.
 28305 | Spider:3 | Learned a level 6 spell: Bolt of Fire
 29292 | Spider:4 | Entered Level 4 of the Spider Nest
 29347 | Spider:4 | Noticed Asterion
 29365 | Spider:4 | Killed Asterion
 29365 | Spider:4 | Reached skill level 15 in Earth Magic
 29515 | Spider:4 | Identified the cursed +0 pair of gloves of Harengeh
                  | {*Corrode +Blink rPois Regen+}
 29515 | Spider:4 | Noticed Nikola
 29518 | Spider:4 | Noticed Arachne
 29623 | Spider:4 | Killed Arachne
 29629 | Spider:4 | Killed Nikola
 30878 | Spider:4 | Reached XP level 18. HP: 95/114 MP: 20/33
 30886 | Spider:4 | Gained mutation: Your body sometimes deteriorates upon
                  | taking damage. [mutagenic glow]
 30906 | Spider:4 | Gained mutation: You are frail. (-10% HP) [mutagenic glow]
 31185 | Spider:4 | Got a gossamer rune of Zot
 31427 | Lair:6   | Killed fly's ghost
 31439 | Lair:6   | Killed confidenceinterval's ghost
 31509 | Lair:6   | Lost mutation: You possess an exceptional clarity of mind.
                  | [potion of mutation]
 31509 | Lair:6   | Lost mutation: Your body sometimes deteriorates upon taking
                  | damage. [potion of mutation]
 31509 | Lair:6   | Gained mutation: Your mind is acute. (Int +2) [potion of
                  | mutation]
 31509 | Lair:6   | Lost mutation: You are frail. (-10% HP) [potion of
                  | mutation]
 31509 | Lair:6   | Gained mutation: You are partially covered in yellow
                  | scales. (AC +2) [potion of mutation]
 31509 | Lair:6   | Gained mutation: You have large cloven feet. [potion of
                  | mutation]
 31746 | Swamp:1  | Entered Level 1 of the Swamp
 32726 | Swamp:1  | Offered knowledge of Glaciate by Vehumet.
 32726 | Swamp:1  | Offered knowledge of Shatter by Vehumet.
 32726 | Swamp:1  | Offered knowledge of Ignition by Vehumet.
 34086 | Swamp:2  | Found a snail-covered altar of Cheibriados.
 35298 | Swamp:3  | Noticed Kirke
 35301 | Swamp:3  | Killed Kirke
 35692 | Swamp:4  | Entered Level 4 of the Swamp
 35706 | Swamp:3  | Learned a level 8 spell: Ignition
 35723 | Swamp:4  | Reached XP level 19. HP: 120/120 MP: 35/35
 35736 | Swamp:4  | Got a decaying rune of Zot
 35794 | Swamp:4  | Reached skill level 10 in Fire Magic
 36125 | Swamp:4  | Reached skill level 16 in Earth Magic
 37381 | Elf:1    | Entered Level 1 of the Elven Halls
 37393 | Elf:1    | Killed from afar by a deep elf mage

Levels and vault maps discovered:
D:1:      giann_bridges, layout_loops_ring
D:2:      layout_rooms, kiku_gazebo_garden_becter, first_ration, uniq_sigmund,
          uniq_robin
D:3:      layout_loops_ring, nicolae_qazlal_style_of_elements, tgw_trog
D:4:      layout_loops_ring, dancing_weapons_uskayaw,
          nicolae_overflow_hidden_temple, gammafunk_ghost_split,
          kennysheep_generic_room_8, uniq_duvessa
D:5:      layout_cave_pools, xom_redecorated, serial_shops, shop,
          minmay_manual_moon
D:6:      layout_basic
D:7:      cheibrodos_fzero, layout_basic, nicolae_overflow_crystal_walls,
          minmay_temple_entry_statues_fountains
D:8:      gammafunk_steamed_eel, layout_basic, grunt_ogre_cave, uniq_harold
D:9:      layout_basic, nicolae_ru_sacrificial_ziggurat, lemuel_round_altar,
          serial_shops, nicolae_shop_temple_entry_statues_fountains, shop, shop,
          nicolae_shop_behind_doors, uniq_grum, uniq_psyche
D:10:     layout_roguey, orc_0_dummy, serial_rivers,
          chequers_serial_rivers_small_a, chequers_serial_rivers_micro_d,
          chequers_serial_rivers_room_b, chequers_serial_rivers_micro_b,
          nooodl_food_tri, uniq_fannar
D:11:     layout_loops_ring, david_lair_generic, basic_altar, uniq_urug
D:12:     layout_cave_pools, ebering_ghost_disaster_area, serial_shops, shop,
          lemuel_angel_altar
D:13:     layout_loops_ring, kennysheep_generic_room_6
D:14:     minmay_gate_of_8, layout_basic, skrybe_vaults_entry_preservation,
          serial_park_square3 [serial_park_minivault_5x5_5],
          nicolae_two_hexagons
D:15:     grunt_enter_depths_hoard, layout_irregular_city,
          nicolae_dithmenos_through_a_glass_darkly, gauntlet_entry_generic
Temple:   eino_narrow_crystal_temple
Lair:1:   layout_small_grid, worms_lemuel, grunt_megastairs_5
Lair:2:   statuecave_lemuel, layout_hall_layers, grunt_megastairs_4
Lair:3:   layout_regular_city, spider_nest_entry_webs
Lair:4:   layout_misc_corridors, skrybe_swamp_entry_bodies, serial_bayou_shore_a
Lair:5:   layout_concentric_octagons, minmay_slime_entry_oklob_enclosed,
          gammafunk_ghost_icy, grunt_megastairs_3, lemuel_fruit_tree,
          infiniplex_staircase_pool_2
Lair:6:   minmay_lair_end_frog_pond, layout_long_grid, gammafunk_ghost_cemetery
Swamp:1:  layout_basic_swamp, evilmike_swamp_ruin_rubble_1
Swamp:2:  layout_falls_marsh, evilmike_swamp_ruin_house_4, swamp_pool4,
          lemuel_altar_in_water2
Swamp:3:  layout_falls_marsh, evilmike_swamp_ruin_wall, uniq_kirke
Swamp:4:  swamp, layout_basic_swamp, swamp_pool4
Spider:1: layout_spider_delve, nicolae_spider_webs_and_nodes
Spider:2: layout_spider_delve, nicolae_crawler_farm, uniq_roxanne
Spider:3: layout_chambers
Spider:4: spider_rune_water, uniq_asterion, uniq_nikola, uniq_arachne
Orc:1:    layout_caves
Orc:2:    st_orc_open, layout_caves, serial_shops, shop, uniq_snorg,
          uniq_josephine, uniq_jorgrun
Elf:1:    eino_elf_arrival_the_gate, layout_onion_city, serial_shops, shop,
          shop_fountains, shop, nicolae_shop_trees, nicolae_shop_trees,
          minmay_elf_necromancy

Skill      XL: |  1  2  3  4  5  6  7  8  9 10 11 12 13 14 15 16 17 18 19 |
---------------+----------------------------------------------------------+-----
Earth Magic    | 4 5 6 7 8 9 10 11 12 13 14 15 16 | 16.0
Spellcasting   | 3 4 5 6 7 8 9 10 11 12 | 12.7
Conjurations   | 2 4 5 6 7 8 9 10 11 12 13 14 | 14.5
Fighting       | 1 3 4 5 6 8 9 10 11 12 13 | 13.9
Maces & Flails | 1 2 3 4 6 7 8 9 10 11 12 | 12.8
Armour         | 1 3 4 5 6 |  6.0
Dodging        | 2 3 4 5 6 7 8 9 10 11 | 11.2
Evocations     | 1 2 4 5 6 |  6.0
Fire Magic     | 4 7 9 10 | 10.4
Stealth        | |  2.1
Transmutations | |  0.7

Action                   |  1- 3 |  4- 6 |  7- 9 | 10-12 | 13-15 | 16-18 | 19-21 || total
-------------------------+-------+-------+-------+-------+-------+-------+-------++-------
Melee: Club              |    11 |       |       |       |       |       |       ||    11
       Short sword       |    30 |   106 |   321 |   192 |       |       |       ||   649
       Morningstar       |       |       |       |   146 |   222 |       |       ||   368
       Eveningstar       |       |       |       |       |   280 |   907 |   102 ||  1289
 Cast: Sandblast         |    16 |    13 |    88 |   238 |    97 |    52 |     2 ||   506
       Stone Arrow       |     1 |     1 |     5 |    15 |   278 |   126 |       ||   426
       Lee's Rapid Decon |       |     4 |     8 |    18 |    96 |    43 |       ||   169
       Mephitic Cloud    |       |       |       |       |    17 |     2 |       ||    19
       Irradiate         |       |       |       |       |    12 |    63 |    16 ||    91
       Bolt of Cold      |       |       |       |       |     7 |       |       ||     7
       Iron Shot         |       |       |       |       |       |    75 |    11 ||    86
       Bolt of Magma     |       |       |       |       |       |    18 |       ||    18
       Bolt of Fire      |       |       |       |       |       |    59 |     6 ||    65
       Ignition          |       |       |       |       |       |       |     2 ||     2
 Abil: Fly               |       |       |       |       |     1 |     1 |       ||     2
       Evoke Invisibilit |       |       |       |       |       |    11 |       ||    11
       Stop Flying       |       |       |       |       |       |     1 |       ||     1
Evoke: Wand              |       |       |     1 |    17 |     4 |    38 |     2 ||    62
  Use: Potion            |     5 |       |     1 |     4 |     9 |    19 |       ||    38
       Scroll            |       |     7 |    10 |     7 |     7 |    22 |       ||    53
 Stab: Sleeping          |     1 |       |     4 |     3 |     3 |    14 |     1 ||    26
       Paralysed         |       |       |       |     2 |       |     4 |       ||     6
       Confused          |       |       |       |       |     6 |       |       ||     6
       Distracted        |       |       |       |       |     1 |     4 |       ||     5
       Invisible         |       |       |       |       |     1 |    20 |       ||    21
  Eat: Chunk             |     1 |     6 |    16 |    18 |    50 |    51 |    15 ||   157
       Ration            |       |       |       |     1 |     3 |    20 |       ||    24
Armor: Robe              |    17 |    40 |   147 |   230 |   316 |   835 |    82 ||  1667
       Skin              |       |       |    25 |       |       |       |       ||    25
Dodge: Dodged            |    40 |    66 |   198 |   306 |   614 |  1507 |   161 ||  2892

Table legend:
 A = Non-vault XP
 B = Vault XP
 C = Vault XP percentage of total XP
 D = Non-vault monster count
 E = Vault monster count
 F = Vault count percentage of total count
                 A         B        C        D         E       F
            +---------+---------+-------+---------+---------+-------
      Total |  220244 |  133313 |  37.7 |     870 |     309 |  26.2
            +---------+---------+-------+---------+---------+-------
        D:1 |      21 |       0 |   0.0 |      10 |       0 |   0.0
        D:2 |      37 |     267 |  87.8 |      11 |      14 |  56.0
        D:3 |      69 |     503 |  87.9 |      26 |       6 |  18.8
        D:4 |     297 |     229 |  43.5 |      18 |       2 |  10.0
        D:5 |     513 |     613 |  54.4 |      14 |       8 |  36.4
        D:6 |     724 |       0 |   0.0 |      19 |       0 |   0.0
        D:7 |    1099 |     632 |  36.5 |      26 |      13 |  33.3
        D:8 |    1647 |    1086 |  39.7 |      31 |       2 |   6.1
        D:9 |    2934 |    1073 |  26.8 |      28 |       6 |  17.6
       D:10 |    3196 |    1344 |  29.6 |      35 |       7 |  16.7
       D:11 |    4135 |    1718 |  29.4 |      16 |       5 |  23.8
       D:12 |    6940 |       0 |   0.0 |      25 |       0 |   0.0
       D:13 |    7252 |     576 |   7.4 |      33 |       2 |   5.7
       D:14 |   11438 |   12880 |  53.0 |      31 |      21 |  40.4
       D:15 |    8332 |    2038 |  19.7 |      22 |       2 |   8.3
     Lair:1 |    3658 |    1050 |  22.3 |      19 |       7 |  26.9
     Lair:2 |    8338 |    2235 |  21.1 |      26 |       9 |  25.7
     Lair:3 |    7069 |     657 |   8.5 |      23 |       3 |  11.5
     Lair:4 |    3944 |     542 |  12.1 |      17 |       2 |  10.5
     Lair:5 |    3174 |    5718 |  64.3 |      14 |      16 |  53.3
     Lair:6 |    6028 |   17728 |  74.6 |      16 |      56 |  77.8
    Swamp:1 |   13198 |       0 |   0.0 |      34 |       0 |   0.0
    Swamp:2 |   25252 |       0 |   0.0 |      58 |       0 |   0.0
    Swamp:3 |   10899 |    2068 |  15.9 |      33 |       1 |   2.9
    Swamp:4 |   22761 |   21221 |  48.2 |      47 |      29 |  38.2
   Spider:1 |   23485 |       0 |   0.0 |      67 |       0 |   0.0
   Spider:2 |   19595 |    4218 |  17.7 |      64 |       8 |  11.1
   Spider:3 |    5762 |       0 |   0.0 |      12 |       0 |   0.0
   Spider:4 |    6673 |   28814 |  81.2 |      20 |      39 |  66.1
      Orc:1 |    5727 |       0 |   0.0 |      40 |       0 |   0.0
      Orc:2 |    4624 |   21242 |  82.1 |      33 |      43 |  56.6
      Elf:1 |    1423 |    1779 |  55.6 |       2 |       3 |  60.0
   Gauntlet |       0 |    3082 | 100.0 |       0 |       5 | 100.0
            +---------+---------+-------+---------+---------+-------
